 Dungeon Sprint DCSS version 0.31-a0-263-ge8cad7f256 (webtiles) character file.

Game seed: 4059601393470353505

16 rocky1 the Changeling (level 2, -10/23 HPs)
             Began as a Merfolk Shapeshifter on July 14, 2023.
             Was a Believer of the Shining One.
             Mangled by a mummy (18 damage)
             ... in the Dungeon (Sprint VII: "The Pits").
             The game lasted 00:01:30 (318 turns).

rocky1 the Changeling (Merfolk Shapeshifter)         Turns: 318, Time: 00:01:31

Health: -10/23     AC:  2    Str: 15    XL:     2   Next: 58%
Magic:  2/2        EV: 13    Int:  7    God:    the Shining One [**....]
Gold:   0          SH:  0    Dex: 14    Spells: 1/1 levels left

rFire   . .          .
                       - Unarmed
rCold   . . .        (no shield)
rNeg    + . .        a - +0 animal skin
rPois   .            (helmet currently unavailable)
rElec   .            (cloak currently unavailable)
rCorr   .            (gloves currently unavailable)
SInv    .            (boots currently unavailable)
Will    .....        (no amulet)
Stlth   +            (no ring)
HPRegen 0.23/turn    (no ring)
MPRegen 0.08/turn

%: no teleportation
@: beast-form, glowing
A: beast (slay +4), (nimble swimmer 2), mertail
a: Begin Untransformation, Renounce Religion, Divine Shield


You were in the Dungeon.
You worshipped the Shining One.
The Shining One was pleased with you.
You were a hulking beast.
You visited 1 branch

Inventory:

Armour
 a - a +0 animal skin (worn)
Talismans
 c - a beast talisman
Scrolls
 i - a scroll of blinking
 k - 5 scrolls of amnesia
 l - a scroll of summoning
Potions
 b - a potion of lignification
 d - a potion of curing
 e - a potion of heal wounds
 f - a potion of haste
 g - 4 potions of magic
 h - 3 potions of berserk rage
 j - 2 potions of invisibility


   Skills:
 + Level 2.9 Fighting
 + Level 3.2 Dodging
 + Level 2.9 Unarmed Combat
 + Level 6.0 Shapeshifting


You had one spell level left.
You didn't know any spells.
Your spell library was empty.

Dungeon Overview and Level Annotations

Branches:
Dungeon (1/1)

Altars:
Ashenzari
Cheibriados
Dithmenos
Elyvilon
Fedhas
Gozag
Hepliaklqana
Kikubaaqudgha
Makhleb
Nemelex Xobeh
Okawaru
Qazlal
Ru
Sif Muna
Trog
Uskayaw
Vehumet
Wu Jian
Xom
Yredelemnul
Zin
The Shining One
Jiyva
Lugonu


Innate Abilities, Weirdness & Mutations

You are a hulking beast.
Your limbs bulge with bestial killing power. (Slay +4)
((You are very nimble when in or above water. (Stealth+, EV+, Speed+++)))
Your lower body shifts to a powerful aquatic tail in water.


Message History

A rat and a mummy come into view.
There is an open door here.
Unknown command.
You hit the hobgoblin but do no damage.
The ball python zombie bites you but does no damage.
The ball python zombie misses you. The rat bites you. The hobgoblin hits you.
You hit the hobgoblin.
The hobgoblin is moderately wounded.
The rat barely misses you.
The ball python zombie bites you but does no damage.
The ball python zombie grabs you. The ball python zombie constricts you.
The hobgoblin hits you.
You hit the ball python zombie.
The ball python zombie is moderately damaged.
The rat barely misses you.
The ball python zombie closely misses you.
The ball python zombie constricts you. The hobgoblin hits you.
You escape the ball python zombie's grasp.
The rat attacks as you move away! The rat barely misses you.
You barely miss the rat. The rat barely misses you.
You hit the rat.
You kill the rat!
You punch the ball python zombie!
You destroy the ball python zombie!
The Shining One accepts your kill.
You barely miss the hobgoblin.
The hobgoblin is moderately wounded.
You punch the hobgoblin!
You kill the hobgoblin!
Your Shapeshifting skill increases to level 6!
You hit the mummy.
The mummy is lightly damaged.
The mummy hits you.
You hit the mummy.
The mummy is moderately damaged.
You hit the mummy.
The mummy is heavily damaged.
The mummy hits you!!
Ouch! That really hurt!
You die...

##########'##...........
#.?(.')))'.##......#..#.
##########.##...........
#..........†'...........
#+#####'#####......#..#.
#.....##...........
#####'#####'#####++
#..†..##.......#
#..h..##.......#
###M####.......#
#.....##...<...#
........##.......#
#........##.......#
###########.......#
#########


You could see a mummy.

Vanquished Creatures
  A river rat (D)
  2 giant cockroaches (D)
  2 hobgoblins (D)
  A ball python zombie (D)
  2 rats (D)
8 creatures vanquished.

Notes
Turn   | Place    | Note
-------+----------+-------------------------------------------
     0 | D        | rocky1 the Merfolk Shapeshifter began the quest for the
                  | Orb.
     0 | D        | Reached XP level 1. HP: 16/16 MP: 1/1
    48 | D        | Found a bloodstained altar of Trog.
    48 | D        | Found a shimmering blue altar of Sif Muna.
    48 | D        | Found a viscous altar of Jiyva.
    48 | D        | Found a hazy altar of Hepliaklqana.
    48 | D        | Found an opulent altar of Gozag.
    49 | D        | Found a glowing golden altar of the Shining One.
    49 | D        | Found a glowing silver altar of Zin.
    49 | D        | Found a basalt altar of Yredelemnul.
    49 | D        | Found a shimmering altar of Xom.
    49 | D        | Found an ornate altar of the Wu Jian Council.
    49 | D        | Found a sacrificial altar of Ru.
    49 | D        | Found a stormy altar of Qazlal.
    49 | D        | Found an iron altar of Okawaru.
    49 | D        | Found a sparkling altar of Nemelex Xobeh.
    49 | D        | Found a burning altar of Makhleb.
    49 | D        | Found a blossoming altar of Fedhas.
    49 | D        | Found a white marble altar of Elyvilon.
    49 | D        | Found a shadowy altar of Dithmenos.
    49 | D        | Found a snail-covered altar of Cheibriados.
    51 | D        | Found a radiant altar of Vehumet.
    51 | D        | Found a corrupted altar of Lugonu.
    54 | D        | Found a broken altar of Ashenzari.
    54 | D        | Found an ancient bone altar of Kikubaaqudgha.
    54 | D        | Found a hide-covered altar of Uskayaw.
    66 | D        | Became a worshipper of the Shining One
    84 | D        | Reached skill level 5 in Shapeshifting
    84 | D        | Reached XP level 2. HP: 19/23 MP: 2/2
   305 | D        | Reached * piety under the Shining One
   306 | D        | Reached ** piety under the Shining One
   316 | D        | Reached skill level 6 in Shapeshifting
   318 | D        | Mangled by a mummy

Illustrated notes

Levels and vault maps discovered:
D:        pitsprint [storerooms_1, entrance_room_1, metal_vault_2, armoury_2,
          mini_pit_1, grid_room_1, main_hall_1, silver_pit, the_coven_3,
          the_vestibule_1, steel_vault_3, golden_pit, hallway_of_sentries,
          crystal_vault_2, iron_vault_1, final_vault]

Skill      XL: |  1  2 |
---------------+-------+-----
Dodging        | 3 |  3.2
Shapeshifting  | 5 6 |  6.0
Fighting       | |  2.9
Unarmed Combat | |  2.9

Action                     || total
---------------------------++-------
  Melee: Unarmed           ||    27
 Armour: Animal skin       ||     4
  Dodge: Dodged            ||    16

Table legend: (Time is in decaauts)
 A = Elapsed time spent in this place.
 B = Non-inter-level travel time spent in this place.
 C = Inter-level travel time spent in this place.
 D = Time resting spent in this place.
 E = Time spent auto-exploring this place.
 F = Levels seen in this place.
 G = Mean time per level.
                   A        B        C        D        E       F      G
               +--------+--------+--------+--------+--------+-----+--------+
         Total |    316 |    316 |      0 |    209 |      0 |   1 |  316.0 |
       Dungeon |    316 |    316 |      0 |    209 |      0 |   1 |  316.0 |
               +--------+--------+--------+--------+--------+-----+--------+

Top non-repeatable levels by time:
       D: 316 daAuts
